Map: Dusk Towers

Players

Arranion - Winner!

  • Race: Zerg Zerg
  • League: Platinum

vXLogan

  • Race: Terran Terran
  • League: Diamond

VOD

Have the link to the VOD?

Description

Burrowed bellow SCVs

Time

  • Played on: March 13, 2016, 3:51 a.m.
  • Length: 15:12
Show
View Real Time Build Order
Export as new Build Order

Arranion Zerg - Winner!

Build Orders: Hatch First 

Get SALT Encoding   

  12  0:01  Drone  
  13  0:13  Overlord  
  13  0:20  Drone  
  14  0:31  Drone  
  14  0:32  Drone  
  16  0:36  Drone  
  17  0:55  Hatchery  
  16  0:59  Drone  
  16  1:01  Drone  
  18  1:17  Spawning Pool  
  17  1:22  Extractor, Drone  
  17  1:24  Drone  
  18  1:38  Drone  
  19  1:56  Extractor, Drone x2  
  20  2:03  Overlord  
  20  2:05  Queen  
  20  2:07  Queen  
  24  2:15  Drone x2  
  26  2:20  Overlord  
  26  2:28  Drone  
  27  2:30  Metabolic Boost  
  27  2:37  Drone  
  27  2:39  Drone  
  29  2:51  Extractor  
  28  2:58  Roach Warren  
  28  2:59  Drone x4  
  31  3:07  Lair  
  31  3:18  Zergling x6  
  31  3:19  Zergling x2  
  35  3:23  Drone x3  
  35  3:26  Drone  
  39  3:35  Spore Crawler  
  39  3:40  Spore Crawler  
  37  3:44  Drone x2  
  39  3:53  Drone x5  
  44  3:57  Extractor, Overlord  
  44  3:58  Extractor  
  44  4:02  Drone  
  43  4:03  Drone  
  44  4:21  Drone x3  
  44  4:23  Drone x5  
  52  4:25  Overlord  
  52  4:26  Overlord  
  52  4:35  Glial Reconstitution  
  52  4:55  Roach x4  
  52  4:56  Roach  
  62  5:07  Roach x3  
  64  5:09  Overlord x4  
  68  5:16  Evolution Chamber x2  
  65  5:26  Roach  
  65  5:27  Roach x3  
  73  5:38  Ravager x3  
  73  5:40  Roach x2  
  73  5:41  Roach x4  
  88  5:44  Ravager x2  
  73  6:11  Zerg Missile Weapons Level 1  
  73  6:12  Zerg Ground Armor Level 1  
  73  6:17  Queen x2  
  77  6:22  Drone x4  
  77  6:23  Drone  
  77  6:24  Roach  
  77  6:25  Roach x4  
  92  6:40  Spine Crawler  
  92  6:43  Spine Crawler  
  90  6:48  Tunneling Claws  
  90  6:53  Burrow  
  83  7:08  Roach  
  83  7:09  Roach x5  
  78  7:53  Overseer  
  78  7:56  Hatchery  
  77  8:01  Roach  
  77  8:02  Roach x10  
  99  8:28  Zerg Missile Weapons Level 2  
  99  8:29  Zerg Ground Armor Level 2  
  99  8:40  Roach x13  
  99  8:54  Roach x8  
  99  9:01  Drone  
  100  9:03  Overlord  
  100  9:04  Overlord x4  
  85  9:33  Roach  
  85  9:34  Roach x12  
  90  9:57  Roach  
  90  9:58  Drone x3  
  90  9:59  Drone x6  
  93  10:03  Ravager x5  
  93  10:04  Spine Crawler, Ravager  
  93  10:06  Roach  
  100  10:13  Ravager x2  
  102  10:15  Ravager  
  102  10:17  Roach  
  102  10:18  Roach x5  
  102  10:19  Ravager  
  115  10:24  Queen  
  115  10:26  Roach  
  120  10:42  Drone  
  120  10:43  Extractor, Drone x2  
  120  10:44  Roach  
  120  10:45  Roach x6  
  120  10:46  Extractor, Spine Crawler  
  133  10:54  Infestation Pit  
  132  11:01  Roach x3  
  132  11:02  Roach x3  
  144  11:10  Drone x2  
  146  11:12  Overlord x4  
  146  11:32  Hive  
  146  11:38  Roach  
  146  11:39  Roach x13  
  156  13:23  Roach x6  
  156  13:33  Roach x6  
Show
View Real Time Build Order
Export as new Build Order

vXLogan Terran 

Build Orders:  

Get SALT Encoding   

  12  0:01  SCV  
  13  0:13  SCV  
  14  0:17  Supply Depot  
  14  0:25  SCV  
  15  0:39  SCV  
  15  0:40  Barracks  
  16  0:46  Refinery  
  16  0:51  SCV  
  17  1:03  SCV  
  18  1:15  SCV  
  19  1:27  Orbital Command  
  19  1:29  Marine  
  20  1:48  Command Center  
  20  1:59  Marine  
  21  2:03  Supply Depot  
  21  2:12  Factory  
  21  2:14  SCV  
  22  2:29  Barracks  
  22  2:32  Barracks Tech Lab  
  22  2:34  SCV  
  23  2:45  Refinery  
  23  2:46  SCV  
  24  2:52  Stimpack  
  24  2:56  Factory Reactor  
  24  3:00  SCV  
  24  3:02  Orbital Command  
  25  3:12  SCV  
  26  3:13  Marauder  
  28  3:24  SCV  
  29  3:28  Armory  
  29  3:31  Barracks Tech Lab  
  29  3:35  Hellion x2  
  29  3:38  SCV  
  29  3:40  SCV  
  35  3:47  Supply Depot  
  35  3:48  Marauder  
  37  3:52  Marauder  
  39  4:02  Hellion x2  
  43  4:09  Marauder  
  45  4:14  Marauder  
  45  4:16  SCV x2  
  49  4:22  Supply Depot  
  49  4:26  Hellion x2  
  53  4:47  Hellion x2  
  53  4:48  Marauder x2  
  53  4:52  SCV  
  62  4:55  Barracks  
  62  4:56  Supply Depot  
  62  5:18  Hellion x2, Supply Depot, SCV x2  
  68  5:30  Marauder x2  
  72  5:45  Barracks Reactor  
  72  5:46  Barracks  
  72  5:48  Supply Depot  
  72  5:51  Engineering Bay  
  68  5:57  Marauder x2  
  48  6:16  Widow Mine x2  
  48  6:18  SCV  
  48  6:19  SCV  
  48  6:22  Refinery  
  50  6:29  Marine x2, Marauder x2  
  52  6:36  Starport  
  52  6:40  SCV x2  
  52  6:43  Supply Depot x2, Terran Infantry Armor Level 1  
  52  6:45  Engineering Bay  
  54  6:47  Marine x2  
  54  6:49  Missile Turret  
  56  6:54  Missile Turret  
  56  7:06  Marine x2, Marauder x2  
  56  7:07  Hellion  
  60  7:12  Supply Depot, Terran Infantry Weapons Level 1  
  60  7:14  Barracks Tech Lab  
  60  7:28  Marauder  
  58  7:38  Medivac  
  58  7:40  SCV x2  
  58  7:41  Barracks  
  62  7:44  Refinery  
  62  7:49  Supply Depot x2, Marauder  
  64  7:52  SCV x2  
  64  7:57  Command Center, Widow Mine  
  70  8:05  Marauder  
  70  8:08  Marine x2  
  70  8:11  Marauder  
  74  8:13  Barracks Tech Lab  
  74  8:17  Medivac  
  76  8:21  Concussive Shells  
  76  8:26  Supply Depot  
  76  8:46  Barracks, Barracks Reactor  
  76  8:50  Starport Reactor  
  76  8:56  Widow Mine x2  
  80  9:05  Marine x2, Marauder x3  
  84  9:23  Marine x2  
  53  9:41  Orbital Command  
  45  9:49  Missile Turret  
  45  9:58  Terran Infantry Weapons Level 2  
  45  9:59  Terran Infantry Armor Level 2  
  45  10:02  Supply Depot  
  45  10:11  Barracks Reactor  
  45  10:15  Orbital Command  
  45  10:35  Missile Turret  
  45  11:05  SCV x3  
  48  11:15  Marauder  
  48  11:17  SCV x3  
  53  11:20  Medivac  
  55  11:29  SCV x3  
  55  11:31  Missile Turret  
  55  11:32  Marauder  
  60  11:39  Marauder  
  62  11:40  Marauder  
  58  12:05  Marauder x3  
  58  12:08  Marine x3  
  25  12:26  Marauder x2  
  25  12:27  Marauder  
Tags
 
Add a new tag
Caveats
  • Supply blocks, unpowered buildings, or Contaminate may cause inaccurate times.
  • Supply counts are checked every 10 seconds.